 Dungeon Crawl Stone Soup version 0.28-a0-199-g298df9dbad (webtiles) character file.

Game seed: 1312737300517587057

141 willcat the Sneak (level 5, 0/32 HPs)
             Began as a Kobold Delver on Aug 19, 2021.
             Slain by a killer bee zombie (4 damage)
             ... on level 6 of the Dungeon.
             The game lasted 00:01:05 (644 turns).

willcat the Sneak (Kobold Delver)                    Turns: 644, Time: 00:01:06

Health: 0/32       AC:  4    Str:  9    XL:     5   Next: 48%
Magic:  5/5        EV: 15    Int: 12    God:
Gold:   32         SH:  0    Dex: 17    Spells: 4/4 levels left

rFire   . . .      SeeInvis .   a - +0 short sword
rCold   . . .      Faith    .   (shield restricted)
rNeg    . . .      Spirit   .   b - +1 leather armour
rPois   .          Reflect  .   (no helmet)
rElec   .          Harm     .   (no cloak)
rCorr   .          Rampage  .   (no gloves)
Will    .....                   (no boots)
Stlth   +++++.....              (no amulet)
HPRegen 0.10/turn               (no ring)
MPRegen 0.09/turn               (no ring)

@: hasted, very quick
A: small, no large weapons, nightstalker 3
a: no special abilities


You were on level 6 of the Dungeon.
You visited 1 branch of the dungeon, and saw 2 of its levels.

You collected 32 gold pieces.

Inventory:

Hand Weapons
 a - a +0 short sword (weapon)
Armour
 b - a +1 leather armour (worn)
Wands
 g - a wand of digging (3)
Scrolls
 c - a scroll of fog
 d - a scroll of magic mapping


   Skills:
 - Level 3.2 Fighting
 + Level 4.5 Short Blades
 + Level 4.1 Dodging
 + Level 7.8 Stealth


You had 4 spell levels left.
You didn't know any spells.
Your spell library was empty.

Dungeon Overview and Level Annotations

Branches:
Dungeon (6/15)             Temple (0/1) D:6

Altars:
Uskayaw

Annotations:
D:5 Menkaure


Innate Abilities, Weirdness & Mutations

You are small and have problems with some larger weapons.
You are completely attuned to the shadows.


Message History

Found a jewelled lead wand.
There is an open door here.
The orc shouts!
The orc misses you. The orc closely misses you.
The killer bee zombie closely misses you.
There is a stone staircase leading up here.
The killer bee zombie completely misses you.
The killer bee zombie hits you but does no damage.
The killer bee zombie hits you. The killer bee zombie hits you.
The killer bee zombie misses you.
Unknown command.
As you read the scroll labelled XYRRIW ZEYGIOG, it crumbles to dust.
The creatures around you are filled with an inner flame!
It was a scroll of immolation.
The killer bee zombie hits you.
* * * LOW HITPOINT WARNING * * *
Unknown command.
As you read the scroll labelled AXUZ LUDOUHAM, it crumbles to dust.
It is a scroll of enchant armour.
Your +0 leather armour glows green for a moment.
Unknown command.
As you read the scroll of fear, it crumbles to dust.
You assume a fearsome visage.
The killer bee zombie is unaffected.
The orc warrior looks frightened!
The orc looks frightened! x3
Unknown command.
The killer bee zombie hits you.
* * * LOW HITPOINT WARNING * * *
The killer bee zombie misses you. The killer bee zombie misses you.
The killer bee zombie closely misses you.
The killer bee zombie closely misses you.
You feel yourself speed up.
The killer bee zombie closely misses you. x2
Found a staircase to the Ecumenical Temple.
The killer bee zombie hits you.
* * * LOW HITPOINT WARNING * * *
There is a staircase to the Ecumenical Temple here.
The killer bee zombie hits you.
You die...

.......... ...<.#####
......# ......# ......#
#.. ###+#.# ##.. # #.
####..# .. ###.#####
......###.. #...#...#
#...@..#..# ....#.#.#
.#...Z......# #.....#+##
##.##..###.# ###'#....#
## ##.....# .........#
.###......# .........#
#.......... .........#
#........#
.........#######........#
........§§o...##.........


You could see a killer bee zombie (inner flame).

Vanquished Creatures
  An ogre (D:6)
  2 bullfrog skeletons
3 creatures vanquished.

Notes
Turn   | Place    | Note
-------+----------+-------------------------------------------
     0 | D:5      | willcat the Kobold Delver began the quest for the Orb.
     0 | D:5      | Reached XP level 1. HP: 14/14 MP: 1/1
    28 | D:5      | Reached skill level 7 in Stealth
    28 | D:5      | Reached XP level 2. HP: 11/19 MP: 2/2
    28 | D:5      | Reached XP level 3. HP: 13/23 MP: 3/3
   201 | D:5      | Noticed Menkaure
   527 | D:6      | Noticed an ogre
   531 | D:6      | Killed an ogre
   532 | D:6      | Reached XP level 4. HP: 28/28 MP: 4/4
   532 | D:6      | Reached XP level 5. HP: 32/32 MP: 5/5
   576 | D:6      | Found a hide-covered altar of Uskayaw.
   577 | D:6      | Noticed an orc warrior
   639 | D:6      | Found a staircase to the Ecumenical Temple.
   644 | D:6      | Slain by a killer bee zombie

Illustrated notes

Levels and vault maps discovered:
D:5:      layout_layer_cave, gammafunk_ghost_smash, uniq_eustachio,
          uniq_menkaure
D:6:      layout_basic, eat_drink_and_be_merry_uskayaw,
          minmay_temple_entry_wispy

Skill      XL: |  1  2  3  4  5 |
---------------+----------------+-----
Short Blades   | 3 4 |  4.5
Dodging        | 3 4 |  4.1
Stealth        | 7 |  7.8
Fighting       | |  3.2

Action                   |  1- 3 |  4- 6 || total
-------------------------+-------+-------++-------
Melee: Short sword       |    15 |     7 ||    22
  Use: Scroll            |       |     3 ||     3
       Potion            |       |     2 ||     2
 Stab: Sleeping          |     1 |     1 ||     2
Armor: Leather armour    |     3 |     1 ||     4
Dodge: Dodged            |    13 |    15 ||    28

Table legend: (Time is in decaauts)
 A = Elapsed time spent in this place.
 B = Non-inter-level travel time spent in this place.
 C = Inter-level travel time spent in this place.
 D = Time resting spent in this place.
 E = Time spent auto-exploring this place.
 F = Levels seen in this place.
 G = Mean time per level.
                   A        B        C        D        E       F      G
               +--------+--------+--------+--------+--------+-----+--------+
         Total |    640 |    640 |      0 |    336 |    195 |   2 |  320.0 |
       Dungeon |    640 |    640 |      0 |    336 |    195 |   2 |  320.0 |
               +--------+--------+--------+--------+--------+-----+--------+

Top non-repeatable levels by time:
     D:6: 429 daAuts
     D:5: 211 daAuts
